 Dungeon Crawl Stone Soup version 0.27.1-35-g4d5d836560 (webtiles) character file.

Game seed: 13827358728747675350

1794 daervis the Chopper (level 9, -1/56 HPs)
             Began as a Gargoyle Berserker on Jan 24, 2022.
             Was a Priest of Trog.
             Slain by an ogre (12 damage)
             ... on level 6 of the Dungeon on Apr 26, 2022.
             The game lasted 00:37:16 (8414 turns).

daervis the Chopper (Gargoyle Berserker)            Turns: 8414, Time: 00:37:17

Health: -1/56      AC: 19    Str: 24    XL:     9   Next: 9%
Magic:  9/9        EV:  7    Int: 10    God:    Trog [***...]
Gold:   282        SH:  8    Dex:  9    Spells: 8/8 levels left

rFire    . . .     SeeInvis .   d - +2 flail (vorpal)
rCold    + . .     Faith    .   q - +0 kite shield "Zurer" {rC+ rN+ Int+2 Stlth-}
rNeg     + + .     Spirit   .   e - +0 scale mail
rPois    ∞         Reflect  .   (no helmet)
rElec    +         Harm     .   (no cloak)
rCorr    .         Rampage  .   (no gloves)
Will     .....                  a - +0 pair of boots
Stlth    ..........             (no amulet)
HPRegen  0.18/turn              j - +4 ring of protection
MPRegen  0.11/turn              (no ring)

@: no status effects
A: sickness immunity, AC +6, negative energy resistance 1, electricity
resistance, torment resistance 1, petrification resistance
a: Renounce Religion, Berserk, Trog's Hand


You were on level 6 of the Dungeon.
You worshipped Trog.
Trog was most pleased with you.
You visited 1 branch of the dungeon, and saw 6 of its levels.

You collected 282 gold pieces.

Inventory:

Hand Weapons
 d - a +2 vorpal flail (weapon)
 f - a +0 hand axe of electrocution
Armour
 a - a +0 pair of boots (worn)
 b - a +0 animal skin
 e - a +0 scale mail (worn)
 q - the +0 kite shield "Zurer" (worn) {rC+ rN+ Int+2 Stlth-}
   (You found it on level 4 of the Dungeon)

   Int:       It affects your intelligence (+2).
   rC:        It protects you from cold.
   rN:        It protects you from negative energy.
   Stlth:     It makes you less stealthy.
Jewellery
 c - a ring of resist corrosion
 j - a +4 ring of protection (left hand)
 m - an amulet of faith
 s - an amulet of magic regeneration
 t - a ring of poison resistance
Wands
 p - a wand of digging (8)
Scrolls
 h - 4 scrolls of teleportation
 n - a scroll of holy word {unknown}
 r - a scroll of magic mapping {unknown}
Potions
 g - 5 potions of curing
 i - a potion of cancellation
 k - a potion of ambrosia {unknown}
 l - a potion of might
 o - 2 potions of heal wounds


   Skills:
 * Level 6.3 Fighting
 - Level 7.2 Axes
 * Level 1.1(5.0) Maces & Flails
 * Level 6.9 Armour
 - Level 1.5 Dodging
 * Level 3.3 Stealth
 + Level 2.0 Shields


You had 8 spell levels left.
You didn't know any spells.
Your spell library was empty.

Dungeon Overview and Level Annotations

Branches:
Dungeon (6/15)
 Temple: D:4-7

Altars:
Ashenzari
Fedhas
Gozag
Kikubaaqudgha
Okawaru
Uskayaw
Xom

Shops:
D:5 *

Annotations:
D:5 1 exclusion


Innate Abilities, Weirdness & Mutations

You are immune to sickness and miasma.
Your stone body is resilient. (AC +6)
You are immune to poison.
You resist negative energy. (rN+)
You are resistant to electric shocks. (rElec)
You are resistant to unholy torment.
You are immune to petrification.


Message History

You sock the orc!
You kill the orc!
Trog accepts your kill.
Things that are here:
a +0 dagger; a +0 leather armour; an orc corpse You start resting.
An orc priest is nearby!
The orc priest shouts!
You hear a shout!
You hear a bellow!
You hear a shout!
The orc priest closely misses you.
You hit the orc priest.
The orc priest is moderately wounded.
You block the orc priest's attack.
You sock the orc priest!
You kill the orc priest!
Trog accepts your kill.
Your base Maces & Flails skill increases to level 1!
You barely miss the orc. You block the orc's attack.
You sock the orc!
You kill the orc!
Trog accepts your kill.
An ogre comes into view. It is wielding a +0 giant club.
Items here: )) [ †.
An ogre is nearby!
Things that are here:
a +0 dagger; a +0 leather armour; an orc corpse You start resting.
An ogre is nearby!
The ogre hits you with a +0 giant club!
You barely miss the ogre.
The ogre hits you with a +0 giant club!!
* * * LOW HITPOINT WARNING * * *
You completely miss the ogre. The ogre barely misses you.
You barely miss the ogre. The ogre hits you but does no damage.
You sock the ogre!
The ogre is moderately wounded.
You block the ogre's attack.
You barely miss the ogre.
The ogre is moderately wounded.
The ogre hits you with a +0 giant club!
You die...

#.# #.# #.#####
#.#.<.#########
#.#............
#.#...#.########.#
####.#...#.#.........
#......###...########
#......###..).@O.#
#.......)..#####.#
#......##### .#
#......# .. #......#
##. #......# O.
#......# .. ########
..# .


You could see an ogre.

Vanquished Creatures
  Sigmund (D:5)
  Edmund (D:4)
  Duvessa (D:4)
  An orc warrior (D:6)
  3 ogres
  A phantom (D:5)
  A water moccasin zombie (D:5)
  3 scorpions
  Dowan (D:4)
  A water moccasin skeleton (D:4)
  4 hounds
  A bullfrog skeleton (D:5)
  An orc priest (D:6)
  2 iguanas
  Terence (D:3)
  4 orc wizards
  Natasha (thrice) (D:2)
  6 gnolls
  8 adders
  A shadow imp (D:5)
  A white imp (D:6)
  An adder skeleton (D:4)
  A worm (D:2)
  3 dart slugs
  18 orcs
  6 ball pythons
  4 bats
  8 endoplasms
  3 giant cockroaches
  6 goblins
  8 hobgoblins
  2 jackals (D:5)
  5 kobolds
  3 quokkas
  2 frilled lizards
  3 rats (D:1)
119 creatures vanquished.

Vanquished Creatures (others)
  4 fungi (D:1)
  4 plants
8 creatures vanquished.

Grand Total: 127 creatures vanquished

Notes
Turn   | Place    | Note
-------+----------+-------------------------------------------
     0 | D:1      | daervis the Gargoyle Berserker began the quest for the Orb.
     0 | D:1      | Reached XP level 1. HP: 14/14 MP: 1/1
   316 | D:1      | Reached XP level 2. HP: 19/19 MP: 2/2
   434 | D:1      | Reached skill level 3 in Axes
   464 | D:1      | Found a faded altar of an unknown god.
   979 | D:1      | Reached XP level 3. HP: 24/24 MP: 3/3
  1576 | D:2      | Reached ** piety under Trog
  1980 | D:2      | Reached skill level 1 in Stealth
  2035 | D:2      | Noticed Natasha
  2039 | D:2      | Killed Natasha
  2040 | D:2      | Reached XP level 4. HP: 29/29 MP: 4/4
  2222 | D:2      | Noticed Natasha
  2228 | D:2      | Killed Natasha
  2450 | D:2      | Noticed Natasha
  2458 | D:2      | Killed Natasha
  2459 | D:2      | Reached XP level 5. HP: 33/33 MP: 5/5
  2712 | D:2      | Reached skill level 4 in Axes
  3190 | D:3      | Noticed Terence
  3197 | D:3      | Killed Terence
  3375 | D:3      | Reached XP level 6. HP: 39/39 MP: 6/6
  3505 | D:4      | Noticed Duvessa
  3505 | D:4      | Noticed Dowan
  3701 | D:3      | Reached *** piety under Trog
  4494 | D:4      | Reached skill level 5 in Axes
  4494 | D:4      | Reached XP level 7. HP: 37/44 MP: 7/7
  4611 | D:4      | Killed Duvessa
  4612 | D:4      | Reached skill level 5 in Fighting
  4624 | D:4      | Killed Dowan
  4750 | D:5      | Entered Level 5 of the Dungeon
  5228 | D:4      | Noticed Edmund
  5239 | D:4      | Killed Edmund
  5240 | D:4      | Reached skill level 6 in Axes
  5299 | D:4      | Identified the +0 kite shield "Zurer" {rC+ rN+ Int+2
                  | Stlth-}
  5371 | D:4      | Reached skill level 5 in Armour
  5499 | D:5      | Noticed a +0 dagger
  5499 | D:5      | Noticed a +0 hand axe
  6343 | D:4      | Upgraded the game from 0.27.1-34-g3ba077fa99 to
                  | 0.27.1-35-g4d5d836560
  6579 | D:5      | Reached XP level 8. HP: 50/50 MP: 8/8
  6628 | D:5      | Noticed Sigmund
  6655 | D:5      | Killed Sigmund
  6876 | D:5      | Found a hide-covered altar of Uskayaw.
  6892 | D:5      | Reached skill level 1 in Shields
  7221 | D:5      | Found a shimmering altar of Xom.
  7226 | D:5      | Found a broken altar of Ashenzari.
  7328 | D:5      | Found Visal's CLEARANCE SALE! EVERYTHING MUST GO!.
  7369 | D:5      | Reached skill level 7 in Axes
  7620 | D:6      | Found an opulent altar of Gozag.
  7627 | D:5      | Found an ancient bone altar of Kikubaaqudgha.
  7667 | D:5      | Found a blossoming altar of Fedhas.
  8279 | D:6      | Reached XP level 9. HP: 55/55 MP: 9/9
  8347 | D:6      | Found an iron altar of Okawaru.
  8400 | D:6      | Reached skill level 1 in Maces & Flails
  8414 | D:6      | Slain by an ogre

Illustrated notes

Levels and vault maps discovered:
D:1:      dpeg_arrival_orchard, layout_loops_ring, shapermc_ecumenical_altar_gd
D:2:      layout_rooms, uniq_natasha
D:3:      layout_basic, uniq_terence
D:4:      layout_basic, serial_forest, infiniplex_forest_straight_5,
          infiniplex_forest_lined_1, infiniplex_forest_pool,
          infiniplex_forest_straight_3, infiniplex_forest_end_2,
          infiniplex_forest_corner_2, infiniplex_forest_clump_long,
          infiniplex_forest_diagonal, uniq_duvessa, uniq_edmund
D:5:      layout_gridville, grunt_temple_overflow_growth_and_decay,
          dancing_weapons_uskayaw, minitemple, nicolae_shop_clearance,
          uniq_sigmund
D:6:      layout_rooms, okawaru_altar_gauntlet_db, lemuel_crystal_altar,
          nicolae_shop_overcharged_wands

Skill      XL: |  1  2  3  4  5  6  7  8  9 |
---------------+----------------------------+-----
Axes           | 3 4 5 6 7 |  7.2
Stealth        | 1 2 3 |  3.3
Fighting       | 4 5 6 |  6.3
Armour         | 3 4 5 6 |  6.9
Shields        | 1 2 |  2.0
Maces & Flails | 1 |  1.1
Dodging        | |  1.5

Action                   |  1- 3 |  4- 6 |  7- 9 || total
-------------------------+-------+-------+-------++-------
Melee: Hand axe          |    93 |   122 |   161 ||   376
       Flail             |       |       |    44 ||    44
Invok: Berserk           |     4 |     8 |     2 ||    14
  Use: Scroll            |       |       |     5 ||     5
Armor: Ring mail         |     3 |       |       ||     3
       Scale mail        |    36 |   105 |   102 ||   243
       Animal skin       |     1 |       |       ||     1
Dodge: Dodged            |    45 |    79 |    64 ||   188
Block: Kite shield       |       |       |    69 ||    69
